[Event "Titled Tuesday Blitz March 07 Late 2023"]
[White "Seletsky, Grigory"]
[Black "Kozin, Yuri"]
[WhiteFideId "14112191"]
[BlackFideId "4129920"]
[WhiteElo "2490"]
[BlackElo "2473"]
[Result "1-0"]
[Round "10"]
[TimeControl "180+2"]
[Date "2023.03.07"]
[WhiteClock "0:00:14"]
[BlackClock "0:00:05"]

1. d4 d5 2. c4 c6 3. Nc3 Nf6 4. cxd5 cxd5 5. Bf4 Nc6 6. e3 a6 7. Bd3 e6 8. Nf3 Be7 9. h3 O-O 10. O-O Bd7 11. Rc1 Rc8 12. Bb1 b5 13. Ne5 Be8 14. Qd3 b4 15. Ne2 a5 16. Nxc6 Bxc6 17. f3 g6 18. b3 Qd7 19. Rfd1 Bb5 20. Qd2 Bxe2 21. Qxe2 Rc3 22. Rxc3 bxc3 23. Bd3 Rc8 24. Rc1 Ba3 25. Rc2 Bd6 26. Bxd6 Qxd6 27. Qe1 Qb4 28. Kf2 Nd7 29. f4 Nf6 30. Kf3 a4 31. bxa4 Qxa4 32. Rxc3 Rxc3 33. Qxc3 Qxa2 34. Qc2 Qa1 35. Qb1 Qc3 36. Ke2 Nh5 37. g4 Nf6 38. Qc2 Qa1 39. Qb1 Qa3 40. Qb8+ Qf8 41. Qxf8+ Kxf8 42. Kd2 Ke7 43. Kc3 Kd6 44. Kb4 h5 45. g5 Ng8 46. h4 Ne7 47. Kb5 Kc7 48. Kc5 Nc8 49. Bb5 Nd6 50. Bd3 Nb7+ 51. Kb5 Kd6 52. Kb6 Nd8 53. Bb5 Ke7 54. Kc7 e5 55. fxe5 Ne6+ 56. Kc6 Kf8 57. Kxd5 Nc7+ 58. Kc6 Ne6 59. Bc4 Nd8+ 60. Kd6 Nb7+ 61. Kd5 Na5 62. Ba2 Ke7 63. Kc5 Nb7+ 64. Kb6 Nd8 65. d5 1-0


[Site "https://www.chess.com"]

[Event "Titled Tuesday Blitz March 07 Late 2023"]
[White "Needleman, Alejandro"]
[Black "Hernandez Sanchez, Elvis De La Caridad"]
[WhiteFideId "100730"]
[BlackFideId "6400353"]
[WhiteElo "2230"]
[BlackElo "2471"]
[Result "1-0"]
[Round "10"]
[TimeControl "180+2"]
[Date "2023.03.07"]
[WhiteClock "0:00:34"]
[BlackClock "0:00:10"]

1. e4 c5 2. Nf3 d6 3. Bc4 Nc6 4. O-O Nf6 5. Re1 g6 6. d4 cxd4 7. Nxd4 Bg7 8. Nf3 O-O 9. h3 a6 10. Nc3 b5 11. Bb3 Bb7 12. Nd5 Na5 13. c3 Nxb3 14. axb3 e6 15. Nxf6+ Bxf6 16. Bh6 Re8 17. g4 d5 18. e5 Be7 19. Nd4 b4 20. Qd2 Qb6 21. Re3 f6 22. Rae1 bxc3 23. bxc3 Bc8 24. Rf3 fxe5 25. Rxe5 Bd6 26. Qe3 Bxe5 27. Qxe5 Ra7 28. Bf4 Rf7 29. Be3 Qc7 30. Qxc7 Rxc7 31. Bd2 e5 32. Ne2 Rf7 33. Rd3 Bb7 34. f4 e4 35. Re3 Re6 36. Kg2 Rb6 37. b4 a5 38. bxa5 Ra6 39. c4 dxc4 40. Kg3 Rd7 41. Bc3 Rd3 42. Kf2 Kf7 43. Rxd3 exd3 44. Nd4 Rd6 45. Ke3 Ba6 46. f5 gxf5 47. gxf5 Rd8 48. Nc6 Re8+ 49. Ne5+ Kf6 50. Kf4 d2 51. Nxc4+ Kf7 52. Nxd2 Rc8 53. Ne4 Bb7 54. Nd6+ Kf8 55. Nxc8 Bxc8 56. Ke5 Kf7 57. Bb4 h5 58. h4 Kg7 59. Bc3 Kf7 60. Kf4 Ba6 61. Kg5 Be2 62. Kf4 Ke7 63. Ke5 Kf7 64. Kd6 Bd3 65. Kc7 Bxf5 66. a6 Be4 67. a7 Ke6 68. Kb8 1-0


[Site "https://www.chess.com"]

[Event "Titled Tuesday Blitz March 07 Late 2023"]
[White "Szente Varga, Fruzsina"]
[Black "Przybylski, Wojciech"]
[WhiteFideId "712264"]
[BlackFideId "1117599"]
[WhiteElo "1994"]
[BlackElo "2222"]
[Result "1-0"]
[Round "10"]
[TimeControl "180+2"]
[Date "2023.03.07"]
[WhiteClock "0:01:06"]
[BlackClock "0:00:05"]

1. e4 e5 2. Nf3 Nf6 3. Nc3 Nc6 4. d4 exd4 5. Nd5 Bc5 6. Bc4 h6 7. O-O O-O 8. e5 Nxd5 9. Bxd5 d6 10. Bxc6 bxc6 11. Nxd4 dxe5 12. Nxc6 Qxd1 13. Rxd1 f6 14. c3 Bb7 15. Na5 Be4 16. Nb3 Be7 17. Be3 a6 18. Rd7 Bd6 19. Rd1 Bf5 20. R7xd6 cxd6 21. Rxd6 Rfd8 22. Rxd8+ Rxd8 23. h3 Rd1+ 24. Kh2 Be6 25. Nc5 Bc8 26. a4 Ra1 27. Kg3 Kf7 28. Kf3 Ke7 29. Ke4 Kd6 30. Kd3 Kd5 31. c4+ Kc6 32. b4 Ra3+ 33. Ke4 Rc3 34. b5+ Kd6 35. Nxa6 Rxc4+ 36. Kd3 Rxa4 37. Bc5+ Kd5 38. Bf8 Bxa6 39. bxa6 Rxa6 40. Bxg7 f5 41. Ke3 Ra3+ 42. Ke2 h5 43. Bh6 Ra2+ 44. Kf3 Ra3+ 45. Ke2 Ke4 46. f3+ Kd5 47. Kf2 h4 48. Bg5 Ra4 49. Bf6 Rc4 50. Be7 Ke6 51. Bd8 Ra4 52. Bg5 Kf7 53. Ke3 Kg6 54. Be7 Rd4 55. Ke2 Rc4 56. Ke3 Ra4 57. Bd6 Kf6 58. Bc7 Ra3+ 59. Ke2 Ra8 60. Bd6 Ke6 61. Bc5 Ra2+ 62. Kf1 Kf6 63. Bb6 Rc2 64. Bd8+ Ke6 65. Bxh4 Kd5 66. Bf6 f4 67. h4 Ke6 68. Bd8 Rd2 69. Bg5 Kf5 70. Be7 Rc2 71. h5 Ra2 72. h6 Ra1+ 73. Kf2 Rh1 74. Bf8 Rh5 75. Bg7 Rh4 76. Ke2 Rh1 77. Kf2 Ke6 78. g4 Rh2+ 79. Kg1 Rh4 80. Kg2 Kf7 81. g5 Kg6 82. Bf6 Rh5 83. Kf2 Kf5 84. Ke2 Rh2+ 85. Kd3 Rh3 86. Ke2 Rh2+ 87. Kf1 Kg6 88. Kg1 Rh3 89. Kg2 Rg3+ 90. Kf2 Rh3 91. Bxe5 Kxg5 92. Bg7 Rh2+ 93. Kg1 Rh5 94. Kg2 Kf5 95. Kf2 Rh2+ 96. Kg1 Rh3 97. Kg2 Rh5 98. Bf8 Kg5 99. Bg7 Rh4 100. Bf8 Kf5 101. Kf2 Rh2+ 102. Kg1 Rh3 103. Kf1 Kg5 104. Kg2 Rg3+ 105. Kf2 Kg6 106. Ke2 Rg2+ 107. Kd3 Rf2 108. Ke4 Rf1 109. Kxf4 Rd1 110. Kg4 Rg1+ 111. Kf4 Rb1 112. Bg7 Rb5 113. Kg4 Rb4+ 114. f4 Rb1 115. f5+ Kh7 116. Kg5 Rg1+ 117. Kf6 Rf1 118. Ke6 1-0


[Site "https://www.chess.com"]

[Event "Titled Tuesday Blitz March 07 Late 2023"]
[White "Liu, Eric"]
[Black "Balague Camps, Marc"]
[WhiteFideId "30960240"]
[BlackFideId "2297914"]
[WhiteElo "2094"]
[BlackElo "2089"]
[Result "1-0"]
[Round "10"]
[TimeControl "180+2"]
[Date "2023.03.07"]
[WhiteClock "0:02:44"]
[BlackClock "0:01:29"]

1. d4 Nf6 2. h4 h6 3. a4 e6 4. Nf3 Be7 5. c4 b6 6. Bf4 Bb7 7. Nc3 Na6 8. e3 d5 9. cxd5 Nxd5 10. Nxd5 Qxd5 11. Bb5+ c6 12. Be2 Bb4+ 13. Nd2 Qxg2 14. Rf1 c5 15. Bb5+ Ke7 16. Qe2 Bf3 17. Qd3 Be4 18. Qe2 Bf3 19. Qd3 Nb8 20. dxc5 Rd8 21. Bd6+ Kf6 22. Qd4+ Kg6 23. Bd3+ f5 24. Qxb4 bxc5 25. Qxc5 Nd7 26. Qc4 Bd5 27. Qf4 Rac8 28. Ke2 Kh7 29. Rg1 Qh3 30. Rg3 Qxh4 31. Qxh4 1-0


[Site "https://www.chess.com"]

[Event "Titled Tuesday Blitz March 07 Late 2023"]
[White "Brozyna, Mateusz"]
[Black "Einarsson, Halldor Gretar"]
[WhiteFideId "21816140"]
[BlackFideId "2300150"]
[WhiteElo "2189"]
[BlackElo "2142"]
[Result "0-1"]
[Round "10"]
[TimeControl "180+2"]
[Date "2023.03.07"]
[WhiteClock "0:00:01"]
[BlackClock "0:00:04"]

1. e4 c5 2. Nf3 Nc6 3. Bb5 g6 4. c3 Bg7 5. O-O Nf6 6. Re1 O-O 7. d4 cxd4 8. cxd4 d5 9. e5 Ne4 10. Nc3 Nxc3 11. bxc3 Qa5 12. Qd3 a6 13. Bxc6 bxc6 14. c4 Bf5 15. Qd2 Qxd2 16. Nxd2 f6 17. Ba3 fxe5 18. dxe5 Rf7 19. Rad1 Be6 20. cxd5 Bxd5 21. e6 Rf6 22. Bxe7 Rxe6 23. Rxe6 Bxe6 24. Nb3 a5 25. Rd8+ Rxd8 26. Bxd8 a4 27. Nc5 Bxa2 28. Nxa4 Bd4 29. Bb6 Bxb6 30. Nxb6 Kf7 31. Kf1 Ke6 32. Ke2 Kd6 33. Kd3 Kc5 34. Nd7+ Kb4 35. Nf6 h5 36. h4 c5 37. Kc2 Be6 38. g3 c4 39. f3 c3 40. g4 Bb3+ 41. Kc1 hxg4 42. Nxg4 Bd5 43. Ne5 Kc5 44. f4 Kd6 0-1


[Site "https://www.chess.com"]

[Event "Titled Tuesday Blitz March 07 Late 2023"]
[White "Leonte, Sebastian-Marian"]
[Black "Rangel, Daniel"]
[WhiteFideId "1268767"]
[BlackFideId "2124475"]
[WhiteElo "2296"]
[BlackElo "2256"]
[Result "1/2-1/2"]
[Round "10"]
[TimeControl "180+2"]
[Date "2023.03.07"]
[WhiteClock "0:00:08"]
[BlackClock "0:00:06"]

1. e4 c5 2. Nf3 d6 3. d4 cxd4 4. Nxd4 Nf6 5. Nc3 g6 6. Be3 Bg7 7. f3 O-O 8. Bc4 Nc6 9. Bb3 Bd7 10. h4 Qa5 11. Qd2 Rfc8 12. O-O-O Ne5 13. Kb1 Rab8 14. h5 Nxh5 15. g4 Nf6 16. Rdg1 b5 17. Bh6 Bxh6 18. Rxh6 Rxc3 19. Qxc3 Qxc3 20. bxc3 a5 21. a3 Rc8 22. Kb2 Kg7 23. Rh2 Be8 24. Rf2 Nfd7 25. Nxb5 Nc5 26. a4 Ncd3+ 27. cxd3 Nxd3+ 28. Kc2 Nxf2 29. Rg3 Kf6 30. Kd2 Ke5 31. Nd4 Bd7 32. Ne2 Bxg4 33. Rxg4 Nxg4 34. fxg4 f6 35. Bd5 h6 36. Nd4 Kf4 37. Nc6 Rc7 38. Nxa5 Kxg4 39. Nb7 Kf4 40. a5 Rc8 41. a6 Ra8 42. Bc4 Ra7 43. Na5 h5 44. Nc6 Ra8 45. a7 h4 46. e5 dxe5 47. Ba6 h3 48. Bb7 h2 49. Bxa8 h1=Q 50. Bb7 Qh2+ 51. Kd3 Qg3+ 52. Kc2 Qf2+ 53. Kc1 Qf1+ 54. Kc2 Qe2+ 55. Kc1 Qe3+ 56. Kc2 Qe2+ 57. Kc1 Qf1+ 58. Kc2 Qf2+ 59. Kc1 Qg1+ 60. Kc2 Qf2+ 1/2-1/2


[Site "https://www.chess.com"]

[Event "Titled Tuesday Blitz March 07 Late 2023"]
[White "Marczuk, Dominik"]
[Black "De Souza, Cristiano Gomes"]
[WhiteFideId "1111264"]
[BlackFideId "2151758"]
[WhiteElo "2174"]
[BlackElo "2068"]
[Result "1-0"]
[Round "10"]
[TimeControl "180+2"]
[Date "2023.03.07"]
[WhiteClock "0:00:10"]
[BlackClock "0:00:01"]

1. e4 c5 2. Nf3 d6 3. d4 cxd4 4. Nxd4 Nf6 5. Nc3 a6 6. f3 e5 7. Nb3 Be6 8. Be3 Be7 9. Qd2 d5 10. exd5 Nxd5 11. Nxd5 Qxd5 12. Qxd5 Bxd5 13. O-O-O Be6 14. Nc5 Bc8 15. Bc4 Nd7 16. Ne4 O-O 17. Bb3 Nf6 18. Nd6 Bxd6 19. Rxd6 Bf5 20. Rhd1 Bg6 21. Rb6 Rab8 22. Bc5 Rfc8 23. Bd6 Ra8 24. Bxe5 Rc6 25. Rxb7 Rac8 26. c3 h6 27. Ra7 Re8 28. Ba4 Rxe5 29. Bxc6 Re2 30. Ba4 Rxg2 31. Rxa6 Nh5 32. Bb3 Nf4 33. Rxg6 Nxg6 34. Rd8+ Kh7 35. Bxf7 Ne5 36. Bb3 Nxf3 37. Bc2+ g6 38. b4 Ne1 39. Rd7+ Kg8 40. Be4 Rxh2 41. b5 Rh4 42. Bd5+ Kf8 43. b6 1-0


[Site "https://www.chess.com"]

[Event "Titled Tuesday Blitz March 07 Late 2023"]
[White "Beukes, Dante M"]
[Black "Torres Dominguez, David"]
[WhiteFideId "15200540"]
[BlackFideId "2220857"]
[WhiteElo "2199"]
[BlackElo "1999"]
[Result "0-1"]
[Round "10"]
[TimeControl "180+2"]
[Date "2023.03.07"]
[WhiteClock "0:00:08"]
[BlackClock "0:01:51"]

1. e4 e5 2. Nf3 Nc6 3. Bb5 Nge7 4. Nc3 g6 5. d4 exd4 6. Nd5 Bg7 7. Bg5 h6 8. Bf6 Bxf6 9. Nxf6+ Kf8 10. Nxd4 Nf5 11. exf5 Qxf6 12. Bxc6 dxc6 13. fxg6 Kg7 14. O-O Rd8 15. c3 c5 16. gxf7 cxd4 17. cxd4 Be6 18. Qc2 c6 19. Rae1 Bxf7 20. Re3 Bg6 21. Qb3 Rd7 22. Rfe1 Rf8 23. Rf1 b6 24. Rg3 Kh7 25. Qc3 Qxd4 26. Qxc6 Qxf2+ 0-1


[Site "https://www.chess.com"]

[Event "Titled Tuesday Blitz March 07 Late 2023"]
[White "Chan, Kim Yew"]
[Black "Ramirez, Maria Eugenia"]
[WhiteFideId "5717981"]
[BlackFideId "3301680"]
[WhiteElo "2206"]
[BlackElo "1842"]
[Result "1-0"]
[Round "10"]
[TimeControl "180+2"]
[Date "2023.03.07"]
[WhiteClock "0:00:07"]
[BlackClock "0:00:01"]

1. e4 e5 2. Nf3 Nc6 3. Bb5 Nd4 4. Nxd4 exd4 5. O-O h5 6. c3 Bc5 7. b4 Bb6 8. Bb2 c6 9. Bc4 d5 10. exd5 cxd5 11. Bb5+ Kf8 12. cxd4 Qf6 13. Nc3 Be6 14. Qf3 Bxd4 15. Qd3 Be5 16. Rae1 Ne7 17. Nxd5 Bxd5 18. Bxe5 Qg6 19. Qxg6 Nxg6 20. Bd6+ Kg8 21. d4 Bxa2 22. h3 Bd5 23. Bd3 Rd8 24. Bc7 Rc8 25. Bxg6 fxg6 26. Re7 Kh7 27. Rfe1 Rhf8 28. R1e5 Bc4 29. d5 Rf4 30. d6 Rff8 31. Rc5 b5 32. d7 Rcd8 33. Bxd8 Rxd8 34. Rc8 Rxd7 35. Rxd7 Be6 36. Rcc7 Bf5 37. Rxa7 Kh6 38. Rd5 h4 39. Rxf5 g5 40. Rb7 g6 41. Rfxb5 1-0


[Site "https://www.chess.com"]

[Event "Titled Tuesday Blitz March 07 Late 2023"]
[White "Ricaurte Lopez, Juan Carlos"]
[Black "Guzman Moneo, Alberto"]
[WhiteFideId "3600327"]
[BlackFideId "2209616"]
[WhiteElo "2209"]
[BlackElo "2157"]
[Result "0-1"]
[Round "10"]
[TimeControl "180+2"]
[Date "2023.03.07"]
[WhiteClock "0:00:01"]
[BlackClock "0:00:13"]

1. e4 c5 2. d4 cxd4 3. c3 Nf6 4. e5 Nd5 5. Bc4 Nb6 6. Bb3 d5 7. cxd4 Nc6 8. Nf3 Bg4 9. Be3 e6 10. O-O Be7 11. Nbd2 O-O 12. Rc1 Rc8 13. Qe2 f6 14. h3 Bh5 15. g4 Bg6 16. Bf4 f5 17. g5 Bh5 18. Qe3 Na5 19. Kh2 Nxb3 20. axb3 Qd7 21. Rc3 Bb4 22. Rcc1 Rxc1 23. Rxc1 Rc8 24. Ra1 a6 25. Qd3 Qc6 26. Kg3 Qc2 27. Qxc2 Rxc2 28. Rb1 Be8 29. Nf1 Bb5 30. Ne3 Re2 31. Rc1 Bc6 32. Rc2 Rxc2 33. Nxc2 Be7 34. Nfe1 Bb5 35. Kf3 Nc8 36. Ke3 Na7 37. Nd3 b6 38. Na3 Be8 39. Nc2 a5 40. Kd2 Bb5 41. Na3 Ba6 42. Nc2 Nc6 43. Be3 Kf7 44. h4 Ke8 45. h5 g6 46. h6 Kf7 47. Nf4 Nb4 48. Ne1 Nc6 49. Nc2 Bf1 50. Ne1 b5 51. Ned3 Nb4 52. Nc5 Bxc5 53. dxc5 Nc6 54. Ke1 Nxe5 55. Kxf1 Nf3 0-1


[Site "https://www.chess.com"]

[Event "Titled Tuesday Blitz March 07 Late 2023"]
[White "tandercat"]
[Black "Gatterer, Florian"]
[BlackFideId "811688"]
[WhiteElo "1949"]
[BlackElo "2221"]
[Result "1/2-1/2"]
[Round "10"]
[TimeControl "180+2"]
[Date "2023.03.07"]
[WhiteClock "0:00:20"]
[BlackClock "0:00:31"]

1. d4 d5 2. c4 c6 3. cxd5 cxd5 4. Nc3 Nf6 5. Bf4 Nc6 6. e3 a6 7. Rc1 Bf5 8. h3 Rc8 9. Nf3 e6 10. Nh4 Be4 11. f3 Nh5 12. g3 Nxf4 13. fxe4 Ng6 14. Nxg6 hxg6 15. exd5 exd5 16. Bg2 Bd6 17. Qf3 Ne7 18. O-O O-O 19. Nxd5 Nxd5 20. Qxd5 Rxc1 21. Rxc1 Qe7 22. Qe4 Qg5 23. g4 b5 24. Rc6 Bb8 25. Rc5 Qh4 26. Qf3 1/2-1/2


[Site "https://www.chess.com"]

[Event "Titled Tuesday Blitz March 07 Late 2023"]
[White "Di Berardino, Diego Rafael"]
[Black "Zampronha, Wladimir Camilo"]
[WhiteFideId "2105446"]
[BlackFideId "2103087"]
[WhiteElo "2432"]
[BlackElo "2176"]
[Result "1/2-1/2"]
[Round "10"]
[TimeControl "180+2"]
[Date "2023.03.07"]
[WhiteClock "0:00:20"]
[BlackClock "0:00:25"]

1. d4 Nf6 2. Nf3 e6 3. Bg5 c5 4. e3 Qb6 5. Qc1 Ne4 6. Bf4 Nc6 7. c3 d5 8. Bd3 Nf6 9. h3 Be7 10. Nbd2 O-O 11. O-O Bd7 12. Ne5 Rac8 13. Qb1 h6 14. Ndf3 Rfd8 15. a3 Be8 16. b4 cxd4 17. cxd4 Nxe5 18. dxe5 Nd7 19. Nd4 Nf8 20. Qb2 a5 21. b5 a4 22. Rfc1 Bd7 23. Bg3 Rxc1+ 24. Rxc1 Rc8 25. Rxc8 Bxc8 26. Qc2 Qc5 27. Qxa4 Qxa3 28. Qxa3 Bxa3 29. f4 Bc5 30. Be1 Nd7 31. Kf2 Nb6 32. g4 Bd7 33. Kf3 Nc4 34. f5 Bxd4 35. exd4 Bxb5 36. Bxc4 Bxc4 37. Bb4 Bf1 38. h4 Bd3 39. Kf4 b5 40. f6 g6 41. g5 hxg5+ 42. hxg5 Bc4 43. Ke3 Bf1 1/2-1/2


[Site "https://www.chess.com"]

[Event "Titled Tuesday Blitz March 07 Late 2023"]
[White "Pinheiro, Iung Alicio de O."]
[Black "Quinones Garcia, Santiago"]
[WhiteFideId "2104350"]
[BlackFideId "4408497"]
[WhiteElo "2283"]
[BlackElo "2263"]
[Result "0-1"]
[Round "10"]
[TimeControl "180+2"]
[Date "2023.03.07"]
[WhiteClock "0:00:01"]
[BlackClock "0:00:39"]

1. e4 e5 2. Nf3 Nc6 3. Bb5 a6 4. Ba4 Nf6 5. d3 b5 6. Bb3 Be7 7. O-O O-O 8. a4 Rb8 9. axb5 axb5 10. c3 d6 11. Nbd2 h6 12. Re1 Bb7 13. Nf1 Re8 14. Ng3 Bf8 15. h3 Ne7 16. Nh2 Ng6 17. Ng4 c5 18. Nxf6+ Qxf6 19. Nh5 Qe7 20. Qg4 Kh7 21. Qf5 c4 22. dxc4 Bc8 23. Qf3 Be6 24. Be3 bxc4 25. Ba4 Rec8 26. Ra2 Qb7 27. Rd1 Nh4 28. Qg3 Qxe4 29. Ba7 Ra8 30. f3 Qg6 31. Qxh4 Rxa7 32. Rda1 Rca8 33. g4 Kg8 34. Qf2 Qd3 35. Ng3 Qd5 36. Ne4 Bd7 37. Bb3 Rxa2 38. Rxa2 Rxa2 39. Bxa2 Qd1+ 40. Kg2 d5 41. Nc5 Bc6 42. b4 cxb3 43. Bxb3 Qc1 44. Ba4 Qxc3 45. Bxc6 Bxc5 46. Qe2 Qd4 0-1


[Site "https://www.chess.com"]

[Event "Titled Tuesday Blitz March 07 Late 2023"]
[White "Kraus, Tomas"]
[Black "Kukavica, Tony"]
[WhiteFideId "331708"]
[BlackFideId "2062542"]
[WhiteElo "2389"]
[BlackElo "1993"]
[Result "0-1"]
[Round "10"]
[TimeControl "180+2"]
[Date "2023.03.07"]
[WhiteClock "0:00:16"]
[BlackClock "0:00:36"]

1. e4 c5 2. Nc3 e6 3. f4 d5 4. d3 Nc6 5. Nf3 Nf6 6. e5 Nd7 7. g3 Be7 8. Bg2 O-O 9. O-O Rb8 10. h4 b5 11. h5 b4 12. Ne2 a5 13. Be3 Ba6 14. g4 c4 15. d4 c3 16. b3 a4 17. f5 Qb6 18. Kh2 Ndxe5 19. Nxe5 Nxe5 20. Kh3 Nd7 21. Rf2 Nf6 22. Ng3 Bd6 23. g5 Bxg3 24. gxf6 Bxf2 25. Qg4 g6 26. hxg6 fxg6 27. fxg6 Rxf6 28. gxh7+ Kh8 29. Bxf2 Rxf2 30. Qg3 Rf6 31. Qe5 Rf8 32. Rf1 Bxf1 33. Bxf1 Qb8 0-1


[Site "https://www.chess.com"]

[Event "Titled Tuesday Blitz March 07 Late 2023"]
[White "Bogaudinov, Rushan"]
[Black "Barash, Anton"]
[WhiteFideId "4129288"]
[BlackFideId "30935229"]
[WhiteElo "1949"]
[BlackElo "2325"]
[Result "0-1"]
[Round "10"]
[TimeControl "180+2"]
[Date "2023.03.07"]
[WhiteClock "0:00:12"]
[BlackClock "0:00:09"]

1. e4 e6 2. Nf3 d5 3. e5 c5 4. b4 d4 5. Bb2 a6 6. bxc5 Bxc5 7. Bd3 Nc6 8. O-O Nge7 9. a4 Ng6 10. Re1 b6 11. Na3 Bb7 12. Nc4 O-O 13. Be4 Qe7 14. d3 b5 15. Nd6 Bxd6 16. exd6 Qxd6 17. Nxd4 Rab8 18. Nxc6 Bxc6 19. axb5 axb5 20. Bxg6 hxg6 21. Be5 Qd5 22. f3 Ra8 23. Qe2 f6 24. Bb2 e5 25. Qf2 Rfc8 26. h4 Ra2 27. Reb1 Rca8 28. Rxa2 Qxa2 29. Qe1 Bd7 30. Qc1 Rc8 31. Ra1 Qd5 32. Kh2 b4 33. Ra7 Be6 34. f4 Qc5 35. Qg1 Qxg1+ 36. Kxg1 Rxc2 37. Ba1 b3 38. fxe5 b2 39. Bxb2 Rxb2 40. Ra6 Kf7 41. Ra7+ Ke8 42. Ra6 Ke7 43. Ra7+ Bd7 44. d4 Rd2 45. exf6+ gxf6 46. Ra3 Rxd4 47. Re3+ Kf7 48. g3 Rd2 49. Re1 Bc6 50. Re3 Kg7 51. Kf1 Kh6 52. Ke1 Rh2 53. Re6 Be4 54. Rxf6 Bf5 55. g4 Bxg4 56. Kf1 Bf5 57. Kg1 Ra2 58. Rd6 Kh5 59. Rd4 Rb2 60. Rc4 Re2 61. Rd4 Re4 62. Rd2 Rxh4 63. Kg2 Rg4+ 64. Kh2 Kg5 65. Rd5 Kf4 66. Rd4+ Ke3 67. Rd1 Be4 68. Re1+ Kf2 69. Kh3 Kxe1 70. Kxg4 Bb1 71. Kg5 Kd2 72. Kf4 Kc3 73. Ke5 Kb4 74. Kd4 Ka5 75. Kc3 Kb6 76. Kd4 g5 77. Ke5 g4 78. Kf4 Bf5 79. Ke3 Bc8 80. Kf4 Kc7 81. Ke4 Kd6 82. Kf4 Ke7 83. Ke4 Kf6 84. Kf4 Kg6 85. Kg3 Kg5 86. Kg2 Kf4 87. Kh2 g3+ 88. Kg2 Bb7+ 89. Kg1 Kf3 90. Kf1 g2+ 91. Kg1 Ba6 92. Kh2 Kf2 93. Kh3 g1=Q 94. Kh4 Qg6 0-1


[Site "https://www.chess.com"]

[Event "Titled Tuesday Blitz March 07 Late 2023"]
[White "Rian, Kapriaga"]
[Black "Ardila, Oscar Humberto"]
[WhiteFideId "7103263"]
[BlackFideId "4404742"]
[WhiteElo "2358"]
[BlackElo "1911"]
[Result "1-0"]
[Round "10"]
[TimeControl "180+2"]
[Date "2023.03.07"]
[WhiteClock "0:00:36"]
[BlackClock "0:00:30"]

1. d4 Nf6 2. Nf3 g6 3. c4 Bg7 4. Nc3 O-O 5. e4 d6 6. Be2 Nbd7 7. O-O e5 8. d5 Nc5 9. Qc2 a5 10. Bg5 h6 11. Be3 Ng4 12. Bxc5 dxc5 13. Nd2 f5 14. exf5 gxf5 15. Bxg4 fxg4 16. Nde4 Qe7 17. Rad1 Bf5 18. Qd2 Rad8 19. Qe3 b6 20. f3 gxf3 21. Rxf3 Kh8 22. Rdf1 Bg4 23. Rxf8+ Rxf8 24. Rxf8+ Qxf8 25. Qf2 Qe7 26. h3 Bh5 27. Qf5 Be8 28. Qe6 Qxe6 29. dxe6 Bg6 30. Kf2 Kg8 31. Kf3 Bf5 32. e7 Kf7 33. Nd5 c6 34. Nd6+ 1-0


[Site "https://www.chess.com"]

[Event "Titled Tuesday Blitz March 07 Late 2023"]
[White "Jesusesmifuerza"]
[Black "Romero Ruscalleda, Josep"]
[BlackFideId "2231859"]
[WhiteElo "2082"]
[BlackElo "2183"]
[Result "0-1"]
[Round "10"]
[TimeControl "180+2"]
[Date "2023.03.07"]
[WhiteClock "0:00:04"]
[BlackClock "0:01:45"]

1. d4 g6 2. Nc3 Bg7 3. e4 d6 4. Nf3 a6 5. a4 Nc6 6. Be2 e5 7. Be3 exd4 8. Nxd4 Nge7 9. O-O O-O 10. Nd5 Kh8 11. Nxe7 Qxe7 12. Bf3 Ne5 13. Be2 c5 14. Nb3 Be6 15. Nd2 f5 16. f4 Nc6 17. c3 fxe4 18. Nc4 Rad8 19. Nb6 d5 20. Bf2 d4 21. cxd4 cxd4 22. Bc4 e3 23. Bg3 Bxc4 24. Nxc4 d3 0-1


[Site "https://www.chess.com"]

[Event "Titled Tuesday Blitz March 07 Late 2023"]
[White "Howell, David W L"]
[Black "Kohler, Aran"]
[WhiteFideId "410608"]
[BlackFideId "1002856"]
[WhiteElo "2567"]
[BlackElo "2242"]
[Result "1-0"]
[Round "10"]
[TimeControl "180+2"]
[Date "2023.03.07"]
[WhiteClock "0:00:56"]
[BlackClock "0:00:18"]

1. e4 c6 2. b3 d5 3. Bb2 dxe4 4. Nc3 Nf6 5. Nge2 Bg4 6. h3 Bh5 7. g4 Bg6 8. Nf4 e6 9. Qe2 Nd5 10. Nxg6 Nxc3 11. dxc3 hxg6 12. Qxe4 Qd5 13. Bg2 Qxe4+ 14. Bxe4 f5 15. Bd3 Bc5 16. Kf1 Nd7 17. Re1 Kf7 18. b4 Bd6 19. Kg2 Ne5 20. Be2 g5 21. c4 Ng6 22. c5 Nf4+ 23. Kf1 Bc7 24. gxf5 exf5 25. Bc4+ Kg6 26. Re7 Rac8 27. Rxg7+ Kh6 28. Rxc7 Rhd8 29. Bg7+ Kh5 30. Be2+ Nxe2 31. Rxc8 Rd2 32. Be5 f4 33. Kg2 Rxc2 34. Kf3 Rxa2 35. Re1 Kh4 36. Rh8# 1-0


[Site "https://www.chess.com"]

[Event "Titled Tuesday Blitz March 07 Late 2023"]
[White "Sarkar, Justin"]
[Black "Grycel, Kamil"]
[WhiteFideId "2010011"]
[BlackFideId "1115499"]
[WhiteElo "2189"]
[BlackElo "2463"]
[Result "1-0"]
[Round "10"]
[TimeControl "180+2"]
[Date "2023.03.07"]
[WhiteClock "0:00:04"]
[BlackClock "0:00:31"]

1. d4 b6 2. g3 Bb7 3. Nf3 f5 4. Bg2 Nf6 5. O-O g6 6. c4 Bg7 7. d5 O-O 8. Nd4 c5 9. Nc2 Ne4 10. Nd2 Nd6 11. Rb1 e5 12. e4 Na6 13. exf5 Nxf5 14. Ne4 d6 15. Ng5 Nc7 16. h4 Nd4 17. Nxd4 cxd4 18. h5 Qf6 19. Ne4 Qe7 20. Bg5 Qd7 21. hxg6 hxg6 22. Kh2 Rf5 23. Bh3 Raf8 24. Kg2 Nxd5 25. cxd5 Bxd5 26. f3 Bxe4 27. fxe4 Qc6 28. Bxf5 gxf5 29. Qb3+ Kh7 30. Rbc1 Qb7 31. Qd5 Qa6 32. Rh1+ Kg6 33. Qe6+ Rf6 34. Bxf6 Qe2+ 35. Kh3 Qg4+ 36. Kh2 Qe2+ 37. Kg1 Qe3+ 38. Kf1 Qf3+ 39. Kg1 Qe3+ 40. Kg2 Qe2+ 41. Kh3 Qg4+ 42. Kg2 Qxe4+ 43. Kh2 Qe2+ 44. Kh3 Bxf6 45. Qg8+ Bg7 46. Qe6+ Kg5 47. Rhe1 Qg4+ 48. Kg2 Bf6 49. Qg8+ Kh5 50. Rh1+ Bh4 51. Rxh4+ 1-0


[Site "https://www.chess.com"]

[Event "Titled Tuesday Blitz March 07 Late 2023"]
[White "Estrada Nieto, Julian"]
[Black "Prieto Aranguren, Alain"]
[WhiteFideId "5101018"]
[BlackFideId "2268906"]
[WhiteElo "2176"]
[BlackElo "2209"]
[Result "0-1"]
[Round "10"]
[TimeControl "180+2"]
[Date "2023.03.07"]
[WhiteClock "0:00:01"]
[BlackClock "0:00:03"]

1. e4 c6 2. d4 d5 3. exd5 cxd5 4. Bd3 Qa5+ 5. c3 Bd7 6. Qe2 a6 7. Nf3 Bb5 8. O-O Bxd3 9. Qxd3 Qb5 10. Qxb5+ axb5 11. Na3 b4 12. Nb5 Na6 13. cxb4 e6 14. Bd2 Nf6 15. Rfc1 Ne4 16. Be1 f6 17. Nc7+ Nxc7 18. Rxc7 Nd6 19. a4 Kd8 20. Rcc1 g6 21. b5 Kd7 22. b3 Bh6 23. Bd2 Bxd2 24. Nxd2 g5 25. Kf1 Nf5 26. Rd1 h5 27. Nf3 Rac8 28. Ne1 Rc3 29. Rab1 b6 30. Nd3 Rhc8 31. Nb4 g4 32. Nc6 Rc2 33. Rdc1 Rxc1+ 34. Rxc1 Nxd4 35. Rb1 Nxc6 36. bxc6+ Rxc6 37. Rb2 f5 38. Ke2 e5 39. b4 Ke6 40. a5 bxa5 41. bxa5 Ra6 42. Rb5 Kd6 43. Kd3 Kc6 44. Rb8 Rxa5 45. Rc8+ Kd6 46. Rh8 Ra3+ 47. Ke2 Ra2+ 48. Ke1 f4 49. Rxh5 d4 50. Rh8 Kd5 51. f3 gxf3 52. gxf3 d3 53. Rd8+ Kc4 54. h4 Rh2 55. Re8 Kd4 56. Kf1 Rxh4 57. Kg2 Rh6 58. Rd8+ Ke3 59. Ra8 Rg6+ 60. Kf1 Kxf3 61. Ra3 e4 62. Ra2 Rb6 63. Rf2+ Ke3 64. Ra2 Rc6 65. Ra1 d2 66. Kg2 Rc2 67. Rd1 Ke2 68. Ra1 d1=Q 69. Ra3 Ke1+ 0-1


[Site "https://www.chess.com"]